 Dungeon Crawl Stone Soup version 0.30.0-29-ga12c61a403 (webtiles) character file.

Game seed: 1325650286662250136

7895 Nicoed the Severer (level 11, -5/84 HPs)
             Began as a Minotaur Fighter on June 12, 2023.
             Was an Elder of Okawaru.
             Slain by Gastronok (29 damage)
             ... on level 10 of the Dungeon.
             The game lasted 00:08:51 (8037 turns).

Nicoed the Severer (Minotaur Fighter)               Turns: 8037, Time: 00:08:52

Health: -5/84      AC: 14    Str: 25    XL:     11   Next: 2%
Magic:  16/16      EV: 12    Int:  5    God:    Okawaru [****..]
Gold:   356        SH:  6    Dex: 13    Spells: 10/10 levels left

rFire   . . .        C - +4 broad axe of Overwhelming Force {heavy, Dex+3 Stlth+}
rCold   . . .        c - +0 buckler
rNeg    . . .        F - +0 swamp dragon scales
rPois   +            (helmet restricted)
rElec   .            g - +2 cloak
rCorr   +            Q - +0 pair of gloves of Anabru Vefa {Fly rPois SInv}
SInv    +            (no boots)
Will    .....        (no amulet)
Stlth   +++          f - ring of resist corrosion
HPRegen 0.34/turn    (no ring)
MPRegen 0.15/turn

%: no passive effects
@: heroic, flying, slowed, very slow
A: horns 2, retaliatory headbutt
a: Renounce Religion, Heroism, Finesse


You were on level 10 of the Dungeon.
You worshipped Okawaru.
Okawaru was greatly pleased with you.
You visited 2 branches of the dungeon, and saw 11 of its levels.

You collected 518 gold pieces.
You spent 162 gold pieces at shops.

Inventory:

Hand Weapons
 C - the +4 broad axe of Overwhelming Force (weapon) {heavy, Dex+3 Stlth+}
   (You bought it in a shop on level 6 of the Dungeon)

   Dex:       It affects your dexterity (+3).
   Stlth:     It makes you more stealthy.
 E - a +0 spectral broad axe
 O - a +0 hand axe of flaming
Missiles
 I - 2 atropa-tipped darts (quivered)
Armour
 c - a +0 buckler (worn)
 g - a +2 cloak (worn)
 F - +0 swamp dragon scales (worn)
 N - a +2 pair of gloves
 Q - the +0 pair of gloves of Anabru Vefa (worn) {Fly rPois SInv}
   (You found it on level 9 of the Dungeon)

   rPois:     It protects you from poison.
   SInv:      It lets you see invisible.
   Fly:       It grants you flight.
Jewellery
 f - a ring of resist corrosion (left hand)
 M - a ring of positive energy
Wands
 a - a wand of flame (38)
 z - a wand of digging (19)
 A - a wand of iceblast (24)
 H - a wand of mindburst (11)
 J - a wand of charming (3)
 K - a wand of light (3)
Scrolls
 h - 2 scrolls of blinking
 i - 2 scrolls of amnesia
 j - a scroll of identify
 l - a scroll of fog
 m - 5 scrolls of teleportation
 o - a scroll of summoning
 r - 3 scrolls of silence {unknown}
 s - 2 scrolls of torment {unknown}
 u - a scroll of magic mapping {unknown}
 v - a scroll of enchant weapon {unknown}
 x - a scroll of vulnerability {unknown}
 y - 6 scrolls of noise {unknown}
 B - 2 scrolls of enchant armour {unknown}
 D - 2 scrolls of immolation {unknown}
Potions
 b - 2 potions of flight
 d - 4 potions of might
 e - 5 potions of haste {unknown}
 k - 4 potions of attraction {unknown}
 n - a potion of resistance
 p - 4 potions of heal wounds {unknown}
 q - 2 potions of mutation {unknown}
 w - 4 potions of curing {unknown}
 G - 2 potions of degeneration
 L - a potion of ambrosia
 P - a potion of lignification


   Skills:
 - Level 4.0(9.0) Fighting
 * Level 17.4(22.4) Axes
 - Level 4.0(9.0) Armour
 - Level 4.0(9.0) Shields
 - Level 8.0 Invocations


You had 10 spell levels left.
You didn't know any spells.
Your spell library contained the following spells:

 Spells                   Type           Power      Damage    Failure   Level
 Beastly Appendage        Tmut           0%         N/A       65%         1
 Slow                     Hex            0%         N/A       65%         1
 Wereblood                Tmut           0%         N/A       78%         2
 Confusing Touch          Hex            0%         N/A       95%         3
 Spider Form              Tmut/Pois      0%         N/A       95%         3
 Vampiric Draining        Necr           0%         2d6       95%         3
 Vhi's Electric Charge    Tloc/Air       0%         N/A       95%         3
 Arcjolt                  Conj/Air       0%         1d10      100%        5
 Plasma Beam              Fire/Air       0%         2x1d11    100%        6
 Summon Ice Beast         Ice/Summ       Unusable   N/A       N/A         4
 Summon Mana Viper        Hex/Summ       Unusable   N/A       N/A         5
 Monstrous Menagerie      Summ           Unusable   N/A       N/A         7

Dungeon Overview and Level Annotations

Branches:
Dungeon (10/15)            Temple (1/1) D:4            Lair (0/5) D:9
    Orc (0/2) D:9

Altars:
Ashenzari
Cheibriados
Dithmenos
Elyvilon
Fedhas
Gozag
Hepliaklqana
Kikubaaqudgha
Nemelex Xobeh
Okawaru
Qazlal
Ru
Sif Muna
Trog
Uskayaw
Vehumet
Wu Jian
Yredelemnul
Zin
The Shining One

Shops:
D:6 [((

Annotations:
D:10 Gastronok


Innate Abilities, Weirdness & Mutations

You have a pair of horns on your head.
You reflexively headbutt those who attack you in melee.


Message History

Unknown command.
You gain the combat prowess of a mighty hero.
Gastronok bites you!
You hit Gastronok.
Gastronok is lightly wounded.
You slash Gastronok!
Gastronok is lightly wounded.
Gastronok bites you!!
You slash Gastronok!
Gastronok is moderately wounded.
You completely miss Gastronok.
Gastronok is moderately wounded.
Gastronok waves his eye-stalks in wide circles.
The air twists around and strikes you!
You slice Gastronok!!
Gastronok is moderately wounded.
Unknown command.
You slash Gastronok!
Gastronok is heavily wounded.
Gastronok looks at you and mumbles some strange words.
You feel yourself slow down.
Unknown command.
You slice Gastronok!!
Gastronok is heavily wounded.
Gastronok's eyestalks quiver as he mumbles some strange words.
Gastronok puts on a burst of speed!
Unknown command.
You slash Gastronok!
Gastronok is severely wounded.
Gastronok bites you.
* * * LOW HITPOINT WARNING * * *
Unknown command.
Unknown command.
You slice Gastronok!! You headbutt Gastronok.
Gastronok is almost dead.
Unknown command.
You hit Gastronok. You headbutt Gastronok!
Gastronok is almost dead.
Gastronok bites you!!
You die...

.........########
#..............##..[..#
#..............##......
#..............##......
..............##......
##............##......
#.....................
#.....................
#...w@................
#####...........#.....
#...#.......#.....
#...#.......#####.
..../+.......# #.
#######.......# #.
###....... #..##### ..#


You could see Gastronok (swift).

Vanquished Creatures
  A two-headed ogre (D:9)
  Pikel (D:7)
  Maurice (D:8)
  Maggie (D:6)
  A komodo dragon (D:10)
  A wraith (D:9)
  11 yaks
  Menkaure (D:7)
  A steam dragon (D:7)
  3 wargs (D:9)
  2 acid dragons (D:10)
  A water moccasin (D:9)
  A hornet zombie (D:6)
  2 ice beasts
  A black bear (D:7)
  2 sky beasts
  An orc warrior (D:8)
  3 ogres (D:5)
  2 centaurs
  A lemure (D:7)
  A phantom (D:4)
  A kobold brigand (D:8)
  2 gnoll sergeants
  6 scorpions
  14 wights
  A water moccasin zombie (D:6)
  4 howler monkeys
  5 orc priests
  4 hounds
  A sleepcap (D:5)
  An iguana (D:5)
  Natasha (thrice) (D:4)
  6 orc wizards
  8 gnolls
  5 adders
  A shadow imp (D:5)
  2 white imps
  An ufetubus (D:6)
  2 worms
  3 dart slugs
  16 orcs
  11 endoplasms
  2 giant cockroaches
  7 goblins
  6 hobgoblins
  3 jackals (D:1)
  10 kobolds
  5 quokkas
  6 ball pythons
  3 bats
  9 rats
187 creatures vanquished.

Vanquished Creatures (others)
  An orc (D:6)
1 creature vanquished.

Grand Total: 188 creatures vanquished

Notes
Turn   | Place    | Note
-------+----------+-------------------------------------------
     0 | D:1      | Nicoed the Minotaur Fighter began the quest for the Orb.
     0 | D:1      | Reached XP level 1. HP: 19/19 MP: 0/0
    83 | D:1      | Found a faded altar of an unknown god.
   166 | D:1      | Reached XP level 2. HP: 27/27 MP: 1/1
   775 | D:1      | Reached skill level 3 in Axes
   920 | D:2      | Reached XP level 3. HP: 30/33 MP: 2/2
  1226 | D:2      | Reached skill level 4 in Axes
  1827 | D:3      | Reached XP level 4. HP: 40/40 MP: 3/3
  2022 | D:4      | Noticed a phantom
  2030 | D:4      | Killed a phantom
  2031 | D:4      | Reached skill level 5 in Axes
  2031 | D:4      | Reached XP level 5. HP: 36/46 MP: 4/4
  2101 | D:4      | Noticed Natasha
  2105 | D:4      | Killed Natasha
  2106 | D:4      | Reached skill level 6 in Axes
  2118 | D:4      | Found a staircase to the Ecumenical Temple.
  2153 | D:4      | Noticed Natasha
  2159 | D:4      | Killed Natasha
  2195 | Temple   | Entered the Ecumenical Temple
  2256 | Temple   | Became a worshipper of Warmaster Okawaru
  2352 | D:4      | Noticed Natasha
  2370 | D:4      | HP: 1/46 [Natasha/magic dart (4)]
  2371 | D:4      | Killed Natasha
  2694 | D:4      | Reached skill level 1 in Invocations
  2785 | D:4      | Reached skill level 7 in Axes
  2785 | D:4      | Reached XP level 6. HP: 38/52 MP: 4/6
  2942 | D:4      | Reached * piety under Okawaru
  3080 | D:5      | Entered Level 5 of the Dungeon
  3365 | D:5      | Reached skill level 8 in Axes
  3365 | D:5      | Reached XP level 7. HP: 59/59 MP: 7/7
  3956 | D:5      | Reached skill level 9 in Axes
  4095 | D:5      | Reached ** piety under Okawaru
  4347 | D:6      | Found Jyallirch's Antique Weapon Boutique.
  4355 | D:6      | Bought an ebony broad axe for 162 gold pieces
  4355 | D:6      | Identified the +4 broad axe of Overwhelming Force {heavy,
                  | Dex+3 Stlth+} (You bought it in a shop on level 6 of the
                  | Dungeon)
  4469 | D:6      | Found Soet's Antique Armour Shoppe.
  4495 | D:6      | Reached XP level 8. HP: 66/66 MP: 10/10
  4497 | D:6      | Noticed Maggie
  4505 | D:6      | Killed Maggie
  4506 | D:6      | Reached skill level 10 in Axes
  4596 | D:6      | Found a basalt altar of Yredelemnul.
  4640 | D:6      | Reached skill level 5 in Invocations
  4649 | D:6      | Found Baoplidd's Weapon Emporium.
  4660 | D:6      | Reached skill level 11 in Axes
  4985 | D:7      | Noticed Menkaure
  4987 | D:7      | Killed Menkaure
  5096 | D:7      | Reached *** piety under Okawaru
  5132 | D:7      | Reached XP level 9. HP: 42/71 MP: 12/12
  5343 | D:7      | Reached skill level 12 in Axes
  5516 | D:7      | Noticed Pikel
  5521 | D:7      | Killed Pikel
  5591 | D:7      | Found a blossoming altar of Fedhas.
  5591 | D:7      | Found a shadowy altar of Dithmenos.
  5746 | D:7      | Reached skill level 13 in Axes
  6018 | D:8      | Reached **** piety under Okawaru
  6026 | D:8      | Received a gift from Okawaru
  6204 | D:8      | Reached skill level 14 in Axes
  6212 | D:8      | Noticed Maurice
  6224 | D:8      | Found a hazy altar of Hepliaklqana.
  6224 | D:8      | Found a stormy altar of Qazlal.
  6229 | D:8      | Reached XP level 10. HP: 77/78 MP: 11/14
  6237 | D:8      | Killed Maurice
  6538 | D:8      | Found a bloodstained altar of Trog.
  6802 | D:9      | Found a staircase to the Orcish Mines.
  6802 | D:9      | Found a staircase to the Lair.
  6802 | D:9      | Noticed a two-headed ogre
  6808 | D:9      | Reached skill level 15 in Axes
  6818 | D:9      | Killed a two-headed ogre
  6823 | D:9      | Reached skill level 16 in Axes
  6946 | D:9      | Identified the +0 pair of gloves of Anabru Vefa {Fly rPois
                  | SInv}
  6974 | D:9      | Reached ***** piety under Okawaru
  6987 | D:9      | Reached skill level 17 in Axes
  7353 | D:9      | Found a sparkling altar of Nemelex Xobeh.
  7394 | D:9      | Found a white marble altar of Elyvilon.
  7394 | D:9      | Found a glowing golden altar of the Shining One.
  7399 | D:9      | Found a glowing silver altar of Zin.
  7592 | D:10     | Entered Level 10 of the Dungeon
  7823 | D:10     | Reached XP level 11. HP: 73/84 MP: 16/16
  8022 | D:10     | Noticed Gastronok
  8037 | D:10     | Slain by Gastronok

Illustrated notes

Levels and vault maps discovered:
D:1:      dpeg_arrival_rhombus, layout_loops_corners,
          hellmonk_ecumenical_altar_arch_garden, kennysheep_boxes
D:2:      minmay_chambers_of_ones, layout_rooms, serial_bayou_ford_a
D:3:      layout_basic
D:4:      layout_gridville, temple_hall, uniq_natasha
D:5:      layout_loops_corners
D:6:      layout_cave_pools, lemuel_zombie_altar_yredelemnul, serial_shops,
          shop, shop, nicolae_shop_bloodbath_and_beyond, uniq_maggie
D:7:      layout_loops_ring, gammafunk_temple_overflow_wave, uniq_pikel,
          uniq_menkaure
D:8:      layout_rooms, kennysheep_little_box,
          chequers_temple_overflow_statue_of_worship, serial_aquarium,
          aquarium_bridge_square [aquarium_subvault_balcony,
          aquarium_subvault_bridge, aquarium_subvault_bridge,
          aquarium_subvault_wall], aquarium_window_corridor_3,
          aquarium_window_1, aquarium_view_2d, aquarium_balcony_double_4,
          aquarium_pool_double, minmay_unpleasant_kobolds, uniq_maurice
D:9:      layout_basic, dreamdust_divine_triumvirate, nemelex_altar_shiori,
          erik_lair_orcish_takeover, minmay_misc_feat_chi
D:10:     layout_basic, grunt_temple_overflow_champion_of_chaos, uniq_gastronok
Temple:   zaba_magenta_temple

Skill      XL: |  1  2  3  4  5  6  7  8  9 10 |
---------------+-------------------------------+-----
Fighting       | 4 |  4.0
Axes           | 3 4 5 7 8 9 11 14 17 | 17.4
Armour         | 4 |  4.0
Shields        | 4 |  4.0
Invocations    | 1 2 4 5 7 8 |  8.0

Action                     |  1- 3 |  4- 6 |  7- 9 | 10-12 || total
---------------------------+-------+-------+-------+-------++-------
  Melee: War axe           |    97 |    79 |    27 |       ||   203
         Headbutt          |    13 |    10 |    15 |    15 ||    53
         Broad axe         |       |       |   107 |    86 ||   193
 Invoke: Heroism           |       |       |     3 |     5 ||     8
         Finesse           |       |       |       |     2 ||     2
    Use: Scroll            |       |       |       |    11 ||    11
   Stab: Sleeping          |       |       |     1 |       ||     1
 Armour: Scale mail        |    57 |    37 |    18 |       ||   112
         Swamp dragon scal |       |       |    44 |    31 ||    75
  Dodge: Dodged            |    46 |    39 |    62 |    39 ||   186
  Block: Buckler           |    16 |    17 |    24 |    20 ||    77
